 Dungeon Crawl Stone Soup version 0.22-a0-422-g9628fc87f1 (webtiles) character file.

174008 Kriby the Severer (level 17, -30/156 HPs)
             Began as a Hill Orc Monk on May 17, 2018.
             Was a High Priest of Beogh.
             Killed from afar by Mara (illusionary) (58 damage)
             ... with a bolt of fire
             ... on level 3 of the Swamp.
             The game lasted 01:08:50 (40320 turns).

Kriby the Severer (Hill Orc Monk)                  Turns: 40320, Time: 01:08:50

Health: -30/156    AC: 32    Str: 21    XL:     17   Next: 77%
Magic:  27/27      EV: 12    Int: 10    God:    Beogh [*****.]
Gold:   1194       SH:  9    Dex: 13    Spells: 15/16 levels left

rFire    . . .     SeeInvis .   U - +2 broad axe
rCold    . . .     Gourm    .   r - +1 buckler {AC+3}
rNeg     . . .     Faith    .   z - +3 plate armour
rPois    +         Spirit   .   o - +2 helmet
rElec    .         Reflect  .   O - +0 cloak
rCorr    .         Harm     +   C - +0 pair of gloves
MR       +....                  K - +2 pair of boots
Stlth    ..........             k - amulet of harm
HPRegen  0.36/turn              v - ring of poison resistance
MPRegen  0.20/turn              B - +5 ring of slaying

@: about to teleport, studying 2 skills
A: walk on water
}: 1/15 runes: serpentine
a: Smiting, Recall Orcish Followers, Give Item to Named Follower, Renounce
Religion


You were on level 3 of the Swamp.
You worshipped Beogh.
Beogh was extremely pleased with you.
You were not hungry.

You visited 4 branches of the dungeon, and saw 28 of its levels.
You also visited: Ossuary.

You collected 2408 gold pieces.
You spent 1214 gold pieces at shops.

Inventory:

Hand Weapons
 U - a +2 broad axe (weapon)
 W - a +0 glaive
Missiles
 q - 32 javelins (quivered)
Armour
 o - a +2 helmet (worn)
 r - a +1 buckler of protection (worn)
 w - +0 swamp dragon scales
 z - a +3 plate armour (worn)
 C - a +0 pair of gloves (worn)
 D - a +0 large shield
 K - a +2 pair of boots (worn)
 O - a +0 cloak (worn)
 T - a +2 shield
 Z - the +3 ring mail "Fismeptu" {SInv}
   (You found it on level 1 of the Snake Pit)

   It lets you see invisible.
Jewellery
 k - an amulet of harm (around neck)
 v - a ring of poison resistance (left hand)
 x - an uncursed ring of protection from fire
 B - a +5 ring of slaying (right hand)
 J - an uncursed ring of flight
 L - a +4 ring of protection
Wands
 m - a wand of iceblast (20)
 t - a wand of random effects (58)
 A - a wand of polymorph (62)
 M - a wand of acid (12)
 S - a wand of digging (25)
 V - a wand of enslavement (20)
 X - a wand of disintegration (36)
Scrolls
 d - 7 scrolls of fog
 e - 6 scrolls of amnesia
 f - 9 scrolls of remove curse
 h - 7 scrolls of magic mapping
 j - 4 scrolls of blinking
 n - 10 scrolls of teleportation
 y - 2 scrolls of fear
 H - a scroll of enchant weapon
 N - 2 scrolls of immolation
 R - 2 scrolls of enchant armour
 Y - 9 scrolls of identify
Potions
 a - a potion of mutation {unknown}
 b - 2 potions of invisibility {unknown}
 g - 2 potions of ambrosia {unknown}
 i - 4 potions of cancellation {unknown}
 s - 4 potions of flight {unknown}
 u - 5 potions of heal wounds
 F - a potion of brilliance
 G - 6 potions of curing
 I - 3 potions of degeneration {unknown}
 P - 3 potions of lignification
 Q - 3 potions of magic {unknown}
Books
 p - a manual of Polearms
 E - a manual of Necromancy
Miscellaneous
 l - a lamp of fire (inert)
Comestibles
 c - 36 rations


   Skills:
 + Level 15.1 Fighting
 + Level 16.2 Axes
 + Level 13.5 Armour
 + Level 11.1 Dodging
 - Level 1.5 Stealth
 - Level 15.0 Shields
 + Level 10.3 Necromancy
 + Level 14.3 Invocations


You had 15 spell levels left.
You knew the following spells:

 Your Spells              Type           Power        Failure   Level  Hunger
a - Animate Skeleton      Necr           N/A          6%          1    ##.....

Your spell library contained the following spells:

 Spells                   Type           Power        Failure   Level  Hunger
 Cause Fear               Hex            #.........   100%        4    #####..
 Magic Dart               Conj           #...         99%         1    ##.....
 Fireball                 Conj/Fire      #.........   100%        5    ######.
 Apportation              Tloc           #.....       99%         1    ##.....
 Conjure Flame            Conj/Fire      #.......     100%        3    ####...
 Bolt of Magma            Conj/Fire/Erth #.........   100%        5    ######.
 Slow                     Hex            #.......     100%        2    ###....
 Confuse                  Hex            #.......     100%        3    ####...
 Invisibility             Hex            #.......     100%        6    #######
 Throw Flame              Conj/Fire      #.....       100%        2    ###....
 Mephitic Cloud           Conj/Pois/Air  #.......     100%        3    ####...
 Blink                    Tloc           N/A          100%        2    ###....
 Animate Dead             Necr           N/A          52%         4    #####..
 Pain                     Necr           ###.         6%          1    ##.....
 Vampiric Draining        Necr           ###.......   19%         3    ####...
 Sticky Flame             Conj/Fire      #.......     100%        4    #####..
 Call Imp                 Summ           #.......     100%        2    ###....
 Regeneration             Chrm/Necr      ##........   83%         3    ####...
 Tukima's Dance           Hex            #.......     100%        3    ####...
 Iron Shot                Conj/Erth      #.........   100%        6    #######
 Stone Arrow              Conj/Erth      #.....       100%        3    ####...
 Statue Form              Tmut/Erth      #........    100%        6    #######
 Dragon Form              Tmut           #.........   100%        7    #######
 Deflect Missiles         Chrm/Air       #.........   100%        6    #######
 Flame Tongue             Conj/Fire      #....        99%         1    ##.....
 Passwall                 Tmut/Erth      #.........   100%        2    ###....
 Ensorcelled Hibernation  Hex/Ice        #.....       100%        2    ###....
 Summon Butterflies       Summ           #.......     99%         1    ##.....
 Silence                  Hex/Air        #.........   100%        5    ######.
 Shatter                  Erth           #.........   100%        9    #######
 Corona                   Hex            #......      99%         1    ##.....
 Alistair's Intoxication  Tmut/Pois      #.......     100%        5    ######.
 Lee's Rapid Deconstruct  Erth           #.........   100%        5    ######.
 Sandblast                Erth           #.....       99%         1    ##.....
 Conjure Ball Lightning   Conj/Air       #.........   100%        6    #######
 Portal Projectile        Hex/Tloc       #.....       100%        3    ####...
 Petrify                  Tmut/Erth      #.......     100%        4    #####..
 Tornado                  Air            #.........   100%        9    #######
 Leda's Liquefaction      Hex/Erth       #.........   100%        4    #####..
 Inner Flame              Hex/Fire       #.......     100%        3    ####...
 Dazzling Spray           Conj/Hex       #.....       100%        3    ####...
 Summon Lightning Spire   Summ/Air       #.......     100%        4    #####..
 Hydra Form               Tmut           #.........   100%        6    #######
 Irradiate                Conj/Tmut      #.........   100%        5    ######.
 Lesser Beckoning         Tloc           #.........   100%        3    ####...


Dungeon Overview and Level Annotations

Branches:
Dungeon (15/15)            Temple (0/1) D:7            Lair (6/6) D:11
  Swamp (3/4) Lair:4        Snake (4/4) Lair:4        Slime (0/5) Lair:6
    Orc (0/2) D:9          Vaults (0/5) D:13         Depths (0/5) D:15

Altars:
Ashenzari
Cheibriados
Dithmenos
Fedhas
Kikubaaqudgha
Ru
Sif Muna
Trog
Uskayaw
Wu Jian
Xom
Zin
The Shining One
Jiyva
Lugonu

Shops:
D:11 %   D:15 *%   Snake:3 }=}

Annotations:
Lair:4 exclusion: orc knight
Swamp:3 Mara
Snake:3 1 transporter, 2 exclusions


Message History

Mara gestures at you.
The bolt of fire hits Mara.
Mara completely resists.
The bolt of fire hits you!
Ouch! That really hurt!
The swamp drake breathes noxious fumes at you.
The noxious blast engulfs you!
Mara gestures.
There is a horrible, sudden wrenching feeling in your soul!
Mara barely misses you.
You are too injured to fight recklessly!
Okay, then.
As you read the scroll of teleportation, it crumbles to dust.
You feel strangely unstable.
Mara splashes around in the water.
The swamp drake barely misses you. Mara gestures at you.
The bolt of fire hits you!
* * * LOW HITPOINT WARNING * * *
The tree smoulders and burns.
Mara gestures at you. The bolt of fire hits you!
You die...

♣♣♣≈....♣♣ #
♣...≈♣≈≈♣ ###
♣≈≈≈.♣♣♣♣ ♣♣ ≈≈≈
♣♣..≈♣ .≈≈ ..
♣♣≈♣♣♣♣♣♣♣♣♣≈≈≈
♣♣♣♣♣♣
♣♣♣≈≈♣.......≈≈
♣♣≈≈≈♣♣
♣...≈..≈≈≈.≈>..
♣≈.≈≈≈≈
♣♣≈≈...≈≈≈.♣≈
♣♣.o≈≈≈ ♣.....@§R.♣♣
♣♣.≈≈≈ ♣..♣§§k§R@.♣
♣♣....
♣≈≈≈♣♣♣♣§R≈....≈
♣≈≈≈.≈ ♣.≈≈♣
§...§♣$.. ♣.≈.≈♣
♣♣.≈ ≈≈≈..≈≈§♣♣
♣.≈..♣ ♣♣
.≈≈≈.≈.≈.≈♣ ♣♣♣...
♣.....♣.≈≈.♣ ♣♣♣..
♣≈♣..♣♣♣♣≈.≈♣♣♣♣....
♣♣♣♣≈♣ ♣♣≈.♣.....♣


You could see 3 Maras, a swamp drake and Kriby's illusion.

Vanquished Creatures
  Kirke (D:15)
  A thorn hunter (Swamp:3)
  Agnes (D:14)
  6 nagarajas
  Louise (Snake:3)
  Aizul (Snake:1)
  2 orc warlords
  A dire elephant (Lair:6)
  Snorg (D:11)
  A yaktaur captain (D:15)
  4 vault guards (D:13)
  11 hydras
  A ghost crab (Swamp:1)
  7 naga warriors
  Erica (D:11)
  8 anacondas
  5 alligators
  2 orc sorcerers (D:12)
  3 centaur warriors
  3 tengu warriors
  An orc high priest (D:12)
  7 two-headed ogres
  7 shock serpents
  6 naga sharpshooters
  The ghost of Lemiesh the Unseen, a novice SpEn of Dithmenos (D:10)
  2 unseen horrors
  A swamp dragon (Swamp:2)
  A sea snake (Snake:4)
  Pikel (D:9)
  3 naga ritualists
  6 mana vipers
  2 ugly things
  An oklob plant (Snake:2)
  5 salamanders
  2 cyclopes
  4 manticores
  5 elephants
  3 guardian serpents
  6 naga magi
  2 gargoyles
  19 black mambas
  10 spiny frogs
  A yaktaur (D:15)
  6 komodo dragons
  5 kobold demonologists
  A tengu conjurer (D:15)
  A merfolk (D:13)
  8 hornets
  6 trolls
  5 tyrant leeches
  16 dream sheep
  4 bog bodies
  8 hippogriffs
  11 blink frogs
  7 slime creatures
  The ghost of Stone the Chiller, an amateur OpIE (D:5)
  3 shadows
  A vampire (D:15)
  8 spriggans
  2 wyverns
  2 hogs (D:15)
  A steam dragon (Lair:2)
  27 yaks
  9 vampire mosquitoes
  A hungry ghost (D:8)
  6 insubstantial wisps
  2 wargs (D:12)
  8 swamp worms
  5 water moccasins
  An acid dragon (D:7)
  A porcupine (Lair:4)
  33 nagas
  15 orc warriors
  2 sky beasts
  5 swamp drakes
  3 ice beasts
  3 black bears
  4 ogres
  A phantom (D:14)
  3 boggarts (Lair:6)
  10 centaurs
  10 wolves
  2 big kobolds
  14 bullfrogs
  6 crocodiles
  A gnoll sergeant (D:9)
  A wyvern zombie (D:14)
  A water moccasin skeleton (D:4)
  6 scorpions
  2 wights (D:10)
  A jelly (D:15)
  4 howler monkeys (D:7)
  7 crimson imps
  4 centaur zombies
  2 bullfrog zombies
  2 bullfrog skeletons
  6 hounds
  3 centaur skeletons
  8 orc priests
  An iguana (D:7)
  3 hell rats (Lair:1)
  15 orc wizards
  8 worker ants
  A killer bee zombie (D:8)
  8 mummies (Ossuary)
  11 adders
  5 gnolls
  4 river rats (Lair:1)
  3 shadow imps
  3 oozes
  An adder skeleton (D:6)
  An adder zombie (D:9)
  3 worms
  A dart slug (D:2)
  6 leopard geckos
  32 orcs
  6 bats
  3 giant cockroaches
  3 goblins
  7 hobgoblins
  7 jackals
  3 quokkas
  2 ball pythons
  4 frilled lizards
  3 hobgoblin zombies (Ossuary)
  16 kobolds
  A leopard gecko skeleton (D:6)
  A leopard gecko zombie (D:7)
  5 orc zombies (Ossuary)
  8 rats
  2 briar patches (Swamp:3)
  A demonic plant (D:11)
  2 fungi (Lair:6)
  8 plants
660 creatures vanquished.

Vanquished Creatures (collateral kills)
  Jorgrun (Snake:2)
  6 nagarajas
  Roxanne (Snake:3)
  Nessos (D:12)
  Fannar (Lair:2)
  4 hydras
  8 naga warriors
  3 anacondas
  2 two-headed ogres
  An ogre mage (D:15)
  2 naga sharpshooters (Snake:4)
  5 shock serpents
  A salamander mystic (Snake:3)
  7 sea snakes (Snake:4)
  A shambling mangrove (Swamp:3)
  An unseen horror (D:15)
  A naga ritualist (Snake:3)
  3 mana vipers (Snake:2)
  A slime creature (D:13)
  A salamander (Snake:4)
  18 black mambas
  7 elephants
  7 spiny frogs
  5 guardian serpents
  A torpor snail (Lair:3)
  Psyche (D:9)
  9 naga magi
  A kobold demonologist (D:11)
  A komodo dragon (Lair:3)
  A tengu conjurer (D:15)
  5 hornets
  2 trolls
  A harpy skeleton (D:15)
  3 polar bears (Lair:6)
  8 blink frogs
  A hippogriff (D:10)
  10 dream sheep
  9 spriggans (Lair:6)
  9 yaks
  A basilisk (Lair:6)
  A steam dragon (D:10)
  3 vampire mosquitoes (Lair:4)
  18 nagas
  2 water moccasins
  A swamp worm (Swamp:3)
  2 porcupines
  A swamp drake (Swamp:3)
  A black bear (Lair:6)
  12 wolves
  2 ogres (D:15)
  A boggart (Lair:6)
  2 crocodiles (Lair:5)
  4 bullfrogs
  A scorpion (D:10)
  A wight (D:10)
  2 orc wizards (D:11)
  A hell rat (Lair:1)
  A worker ant (D:10)
  A gnoll (D:9)
  3 orcs
  7 kobolds
  A rat (Lair:1)
  A bush (Lair:6)
  14 fungi
  12 plants
246 creatures vanquished.

Vanquished Creatures (others)
  2 orc knights
  An unseen horror (D:14)
  An orc sorcerer (D:14)
  3 orc warriors
  A blink frog (Swamp:1)
  2 humans (D:15)
  A naga (Snake:4)
  An orc priest (D:11)
  A bullfrog skeleton (D:10)
  3 orc wizards
  7 orcs
  18 fungi
  24 plants
65 creatures vanquished.

Grand Total: 971 creatures vanquished

Notes
Turn   | Place    | Note
-------+----------+-------------------------------------------
     0 | D:1      | Kriby the Hill Orc Monk began the quest for the Orb.
     0 | D:1      | Reached XP level 1. HP: 19/19 MP: 1/1
   157 | D:1      | Reached XP level 2. HP: 22/27 MP: 2/2
   246 | D:1      | Found a glowing golden altar of the Shining One.
   464 | D:1      | Reached skill level 1 in Armour
   593 | D:1      | Reached XP level 3. HP: 21/33 MP: 3/3
  1685 | D:2      | Found a snail-covered altar of Cheibriados.
  1730 | D:2      | Reached XP level 4. HP: 29/41 MP: 4/4
  1833 | D:2      | Found a blossoming altar of Fedhas.
  2256 | D:3      | Reached skill level 5 in Axes
  2256 | D:3      | Reached XP level 5. HP: 45/47 MP: 5/5
  2795 | D:4      | Reached skill level 5 in Fighting
  3047 | D:4      | Found a shimmering altar of Xom.
  3153 | D:4      | Reached XP level 6. HP: 47/56 MP: 6/6
  3672 | D:5      | Entered Level 5 of the Dungeon
  3681 | D:5      | Noticed Stone's ghost (amateur OpIE)
  3915 | D:5      | Killed Stone's ghost
  3915 | D:5      | Reached skill level 6 in Axes
  3915 | D:5      | Reached XP level 7. HP: 62/62 MP: 7/7
  4075 | D:5      | Noticed a hand axe
  4076 | D:5      | Found a hide-covered altar of Uskayaw.
  4076 | D:5      | Noticed a hand axe
  5163 | D:6      | Reached skill level 7 in Axes
  5163 | D:6      | Reached XP level 8. HP: 71/71 MP: 8/8
  5838 | D:6      | Reached skill level 5 in Armour
  6106 | D:7      | Noticed a hippogriff
  6294 | D:7      | Reached skill level 8 in Axes
  6294 | D:7      | Reached skill level 5 in Dodging
  6301 | D:7      | Killed a hippogriff
  6301 | D:7      | Reached XP level 9. HP: 41/79 MP: 9/9
  6588 | D:7      | Found a glowing silver altar of Zin.
  6791 | D:7      | Found a staircase to the Ecumenical Temple.
  7013 | D:7      | Found a shattered altar of Ashenzari.
  7051 | D:7      | Became a worshipper of Beogh the Brigand
  7051 | D:7      | Reached * piety under Beogh
  7051 | D:7      | Reached ** piety under Beogh
  7805 | D:8      | Found a shadowy altar of Dithmenos.
  7834 | D:8      | Reached skill level 1 in Invocations
  8057 | D:8      | Reached skill level 9 in Axes
  8140 | D:8      | Found a sand-covered staircase.
  8154 | Ossuary  | Entered an ossuary
  8496 | D:8      | Found a bloodstained altar of Trog.
  8813 | D:9      | Found an ancient bone altar of Kikubaaqudgha.
  8852 | D:9      | Reached *** piety under Beogh
  8915 | D:9      | Found an ornate altar of the Wu Jian Council.
  8980 | D:9      | Noticed Pikel
  8993 | D:9      | Killed Pikel
  8993 | D:9      | Reached XP level 10. HP: 52/91 MP: 12/12
  9314 | D:9      | Noticed Psyche
  9319 | D:9      | Killed Psyche
  9397 | D:9      | Found a staircase to the Orcish Mines.
  9654 | D:10     | Entered Level 10 of the Dungeon
  9786 | D:10     | Noticed Lemiesh's ghost (novice SpEn)
  9797 | D:10     | Reached skill level 10 in Axes
  9799 | D:10     | Killed Lemiesh's ghost
 10002 | D:10     | Noticed a two-headed ogre
 10009 | D:10     | Killed a two-headed ogre
 10009 | D:10     | Reached skill level 5 in Invocations
 10140 | D:10     | Noticed a two-headed ogre
 10145 | D:10     | Killed a two-headed ogre
 10145 | D:10     | Reached skill level 5 in Shields
 10210 | D:10     | Reached XP level 11. HP: 99/99 MP: 15/15
 10259 | D:10     | Got a slimy chain mail
 10966 | D:11     | Found a corrupted altar of Lugonu.
 10977 | D:11     | Reached **** piety under Beogh
 10977 | D:11     | Reached skill level 10 in Fighting
 10983 | D:11     | Noticed a two-headed ogre
 10991 | D:11     | Killed a two-headed ogre
 11232 | D:11     | Noticed a red ugly thing
 11241 | D:11     | Killed a red ugly thing
 11271 | D:11     | Found Fafuraumn's Food Shop.
 11278 | D:11     | Noticed Snorg
 11285 | D:11     | Killed Snorg
 11291 | D:11     | Reached skill level 11 in Axes
 11414 | D:11     | Noticed Erica
 11425 | D:11     | Killed Erica
 11636 | D:11     | Found a staircase to the Lair.
 12134 | Lair:1   | Entered Level 1 of the Lair of Beasts
 12423 | Lair:1   | Reached XP level 12. HP: 108/108 MP: 17/17
 12895 | Lair:1   | Reached ***** piety under Beogh
 14169 | Lair:2   | Noticed Fannar
 14179 | Lair:2   | Killed Fannar
 14656 | Lair:3   | Identified the cursed +0 chain mail of the New World {rC++} (You found it on level 10 of the Dungeon)
 14916 | Lair:3   | Gained Oreg as an ally
 14927 | Lair:3   | Reached skill level 12 in Axes
 15329 | Lair:4   | Noticed an eight-headed hydra
 15333 | Lair:4   | Killed an eight-headed hydra
 15418 | Lair:4   | Found a staircase to the Swamp.
 15527 | Lair:4   | Reached XP level 13. HP: 112/116 MP: 19/19
 15536 | Lair:4   | Reached skill level 10 in Armour
 15614 | Lair:4   | Reached skill level 10 in Shields
 15654 | Lair:4   | Found a staircase to the Snake Pit.
 16721 | Lair:5   | Noticed Urug
 16845 | Lair:6   | Entered Level 6 of the Lair of Beasts
 17216 | Lair:6   | Gained Harm as an ally
 17648 | Lair:6   | Reached skill level 10 in Invocations
 17745 | Lair:6   | Noticed a dire elephant
 17755 | Lair:6   | Killed a dire elephant
 17775 | Lair:6   | Found a viscous altar of Jiyva.
 17775 | Lair:6   | Found a staircase to the Slime Pits.
 17783 | Lair:6   | Reached skill level 13 in Axes
 18105 | Lair:6   | Gained Judas as an ally
 18331 | Lair:6   | Reached XP level 14. HP: 17/127 MP: 21/21
 19208 | D:12     | Noticed Nessos
 19213 | D:12     | Killed Nessos
 19525 | D:12     | Was placed under penance by Beogh
 19936 | D:12     | Got a pair of fine boots
 19947 | D:12     | Identified the cursed +0 pair of boots "Peziegh" {Dex+4 Stlth+} (You found it on level 12 of the Dungeon)
 20479 | D:12     | Noticed Blodwig
 20503 | D:12     | Killed Blodwig the orc warlord
 20867 | D:13     | Noticed an orc warlord
 21150 | D:13     | Killed an orc warlord
 21864 | D:13     | Was forgiven by Beogh
 21875 | D:13     | Found a gate to the Vaults.
 22878 | D:14     | Noticed Agnes
 22889 | D:14     | Killed Agnes
 23880 | D:14     | Identified the +5 ring mail of the Mantidfly {rN+ MR+ rCorr Str+3} (You found it on level 14 of the Dungeon)
 24086 | D:15     | Entered Level 15 of the Dungeon
 24121 | D:15     | Found Nkepnaos's Needful Niceties.
 24146 | D:15     | Bought a manual of Necromancy for 1214 gold pieces
 24214 | D:15     | Noticed Kirke
 24223 | D:15     | Killed Kirke
 24223 | D:15     | Reached skill level 14 in Axes
 24223 | D:15     | Reached skill level 1 in Necromancy
 24377 | D:15     | Found a sacrificial altar of Ru.
 24400 | D:15     | Reached XP level 15. HP: 133/135 MP: 23/23
 24808 | D:15     | Found Qumeqa's Food Emporium.
 25028 | D:15     | Found a staircase to the Depths.
 25370 | Snake:1  | Entered Level 1 of the Snake Pit
 25800 | Snake:1  | Gained Bogbrand as an ally
 26625 | Snake:1  | Noticed Aizul
 26641 | Snake:1  | Killed Aizul
 26650 | Snake:1  | Reached ****** piety under Beogh
 27421 | Snake:1  | Got a transparent ring mail
 27422 | Snake:1  | Identified the +3 ring mail "Fismeptu" {SInv} (You found it on level 1 of the Snake Pit)
 27873 | Snake:2  | Noticed Louise
 27946 | Snake:2  | Reached skill level 5 in Necromancy
 28289 | Snake:2  | You fall through a shaft!
 28540 | Snake:3  | Killed Louise
 28540 | Snake:3  | Reached skill level 10 in Dodging
 28552 | Snake:3  | Noticed a nagaraja
 28556 | Snake:3  | Gained Worak as an ally
 28568 | Snake:3  | Killed a nagaraja
 28571 | Snake:3  | Found a deep blue altar of Sif Muna.
 28571 | Snake:3  | Found a transporter.
 28589 | Snake:3  | Got a brightly glowing cloak
 28591 | Snake:3  | Identified the cursed -4 cloak "Panoleb" {Slay+2} (You found it on level 3 of the Snake Pit)
 28762 | Snake:3  | Reached XP level 16. HP: 55/145 MP: 25/25
 28815 | Snake:3  | Noticed Roxanne
 29459 | Snake:3  | Your ally Bogbrand died
 29459 | Snake:3  | HP: 7/145 [shock serpent/bolt of electricity (18)]
 29931 | Snake:3  | Noticed a nagaraja
 29938 | Snake:3  | Killed a nagaraja
 31084 | Snake:3  | Reached skill level 15 in Axes
 31627 | Snake:3  | Found Hiysche's Gadget Boutique.
 31628 | Snake:3  | Found Purphux's Jewellery Emporium.
 31629 | Snake:3  | Found Zatin Nui's Gadget Boutique.
 31828 | Snake:3  | Killed Roxanne
 32034 | Snake:4  | Entered Level 4 of the Snake Pit
 32455 | Snake:4  | Noticed a nagaraja
 32461 | Snake:4  | Killed a nagaraja
 32869 | Snake:4  | Noticed a nagaraja
 32869 | Snake:4  | Noticed a nagaraja
 32881 | Snake:4  | Killed a nagaraja
 32892 | Snake:4  | Noticed a nagaraja
 32893 | Snake:4  | Killed a nagaraja
 32909 | Snake:4  | Killed a nagaraja
 33305 | Snake:4  | Noticed a nagaraja
 33307 | Snake:4  | Killed a nagaraja
 33317 | Snake:4  | Reached skill level 15 in Shields
 33319 | Snake:4  | Noticed a nagaraja
 33320 | Snake:4  | Noticed a nagaraja
 33322 | Snake:4  | Noticed a nagaraja
 33774 | Snake:4  | Noticed a nagaraja
 33779 | Snake:4  | Killed a nagaraja
 33849 | Snake:4  | Noticed a nagaraja
 33858 | Snake:4  | Killed a nagaraja
 34128 | Snake:4  | Killed a nagaraja
 34128 | Snake:4  | Reached XP level 17. HP: 100/154 MP: 27/27
 34747 | Snake:4  | Got a serpentine rune of Zot
 35250 | Snake:2  | Noticed Jorgrun
 35258 | Snake:2  | Killed Jorgrun
 36597 | Swamp:1  | Entered Level 1 of the Swamp
 38060 | Swamp:2  | Reached skill level 16 in Axes
 38880 | Swamp:2  | Reached skill level 15 in Fighting
 38880 | Swamp:2  | Reached skill level 10 in Necromancy
 39089 | Swamp:2  | Learned a level 1 spell: Animate Skeleton
 40314 | Swamp:3  | Noticed Mara
 40319 | Swamp:3  | Noticed Kriby's illusion
 40320 | Swamp:3  | Killed from afar by Mara (illusionary)

Vault maps used:
D:1:      minmay_arrival_wavy_path, tso_metal_star
D:2:      kennysheep_slug_shrine, first_ration, fedhas_altar_2
D:4:      overflow_temple_1_default
D:5:      dancing_weapons_uskayaw, roderic_lattice_a
D:7:      marbit_many_paths, lemuel_crystal_altar,
          minmay_temple_entry_statues_fountains
D:8:      lemuel_round_altar, grunt_dithmenos_smoke, nicolae_ossuary_entry_ruins
D:9:      lemuel_doored_altar, lemuel_round_altar, uniq_psyche, uniq_pikel
D:11:     kennysheep_kobold_lugonu_temple, david_lair_shrubbed, serial_shops,
          nicolae_shop_temple_entry_statues_fountains, uniq_erica, uniq_snorg
D:12:     uniq_nessos
D:13:     lightli_vaults_fourway_checkpoint, hangedman_fish_farm,
          kennysheep_windowed_goal
D:14:     serial_park_avenue1, uniq_agnes
D:15:     grunt_enter_depths_snipers, basic_altar, serial_shops, shop,
          nicolae_alphabet_shops, uniq_kirke
Lair:1:   kennysheep_abandoned_house
Lair:2:   uniq_fannar
Lair:4:   minmay_swamp_entry_swarm, guppyfry_snake_entry_garden,
          grunt_megastairs_4
Lair:5:   uniq_urug
Lair:6:   minmay_lair_end_enchanted_forest, slime_altar_1
Swamp:1:  evilmike_swamp_ruin_house_2, swamp_pool2, nicolae_swamp_dense_foliage
Swamp:2:  evilmike_swamp_ruin_rubble_2
Swamp:3:  cheibrodos_swamp_monstrosity, hangedman_swamp_blocks, swamp_pool2,
          uniq_mara
Snake:1:  nicolae_snake_double_loop, grunt_megastairs_1, uniq_aizul
Snake:2:  dpeg_oklob_gauntlet, st_stairs_11, lemuel_fruit_tree, uniq_jorgrun,
          uniq_louise
Snake:3:  gammafunk_sealed_library, minmay_shop_grove, uniq_roxanne
Snake:4:  grunt_snake_rune_pools
Ossuary:  ossuary_tomb_3

Skill      XL: |  1  2  3  4  5  6  7  8  9 10 11 12 13 14 15 16 17 |
---------------+----------------------------------------------------+-----
Armour         | 1 2 3 4 5 7 8 9 10 11 12 13 | 13.5
Fighting       | 4 5 6 7 9 10 11 12 13 14 15 | 15.1
Dodging        | 3 4 5 6 7 8 9 10 11 | 11.1
Axes           | 5 6 7 8 9 10 11 12 13 14 15 16 | 16.2
Invocations    | 3 5 7 9 10 11 12 13 14 | 14.3
Shields        | 2 5 7 9 11 12 14 15 | 15.0
Necromancy     | 2 6 8 10 | 10.3
Stealth        | |  1.5

Action                   |  1- 3 |  4- 6 |  7- 9 | 10-12 | 13-15 | 16-18 || total
-------------------------+-------+-------+-------+-------+-------+-------++-------
Melee: Hand axe          |   111 |   103 |       |       |       |       ||   214
       Battleaxe         |       |    41 |   313 |       |       |       ||   354
       Broad axe         |       |       |     7 |   315 |   766 |   590 ||  1678
Throw: Tomahawk          |       |       |       |     3 |       |       ||     3
 Cast: Animate Skeleton  |       |       |       |       |       |     4 ||     4
Invok: Smiting           |       |       |     2 |     3 |     5 |    16 ||    26
       Convert to Beogh  |       |       |     1 |       |       |       ||     1
       Recall Orcish Fol |       |       |       |     2 |     3 |     3 ||     8
       Give Item to Name |       |       |       |       |     2 |     3 ||     5
       Stop Recall       |       |       |       |       |     1 |       ||     1
       Resurrection      |       |       |       |       |       |     1 ||     1
Evoke: Wand              |       |     1 |     6 |    10 |    41 |     6 ||    64
       Lamp of fire      |       |       |       |       |     3 |     2 ||     5
  Use: Potion            |       |     4 |       |     4 |    19 |    13 ||    40
       Scroll            |       |       |    12 |     4 |    14 |     6 ||    36
 Stab: Sleeping          |     6 |     1 |       |       |       |       ||     7
       Paralysed         |       |       |     3 |     1 |     4 |       ||     8
       Invisible         |       |       |       |     1 |       |       ||     1
       Betrayed ally     |       |       |       |     1 |       |       ||     1
       Distracted        |       |       |       |     4 |     8 |     5 ||    17
       Fleeing           |       |       |       |       |     1 |       ||     1
  Eat: Chunk             |     3 |     6 |    17 |    20 |    17 |    14 ||    77
       Ration            |       |       |     1 |       |     8 |     6 ||    15
Armor: Robe              |     7 |       |       |       |       |       ||     7
       Ring mail         |     4 |    47 |    67 |       |       |       ||   118
       Skin              |       |     5 |     4 |       |       |    82 ||    91
       Plate armour      |       |       |   103 |   224 |   425 |   299 ||  1051
Dodge: Dodged            |    77 |    90 |   186 |    71 |   306 |   278 ||  1008
Block: Shield            |       |       |     8 |   152 |   326 |       ||   486
       Buckler           |       |       |       |       |   173 |   316 ||   489

Table legend:
 A = Spawn XP
 B = Non-spawn XP
 C = Spawn XP percentage of total XP
 D = Spawn monster count
 E = Non-spawn monster count
 F = Spawn count percentage of total count
 G = Total turns spent on level
                    A         B        C        D         E        F      G
               +---------+---------+-------+---------+---------+-------+---------
         Total |       0 |  230012 |   0.0 |       0 |     833 |   0.0 | 40320
               +---------+---------+-------+---------+---------+-------+---------
           D:1 |       0 |      40 |   0.0 |       0 |      20 |   0.0 |  1037
           D:2 |       0 |      46 |   0.0 |       0 |      15 |   0.0 |   879
           D:3 |       0 |      98 |   0.0 |       0 |      18 |   0.0 |   700
           D:4 |       0 |     230 |   0.0 |       0 |      11 |   0.0 |  1240
           D:5 |       0 |     551 |   0.0 |       0 |      20 |   0.0 |  1100
           D:6 |       0 |     651 |   0.0 |       0 |      12 |   0.0 |  1222
           D:7 |       0 |    1318 |   0.0 |       0 |      32 |   0.0 |  1566
           D:8 |       0 |    1042 |   0.0 |       0 |      16 |   0.0 |   656
           D:9 |       0 |    2036 |   0.0 |       0 |      18 |   0.0 |   940
          D:10 |       0 |    3740 |   0.0 |       0 |      26 |   0.0 |  1279
          D:11 |       0 |    6399 |   0.0 |       0 |      35 |   0.0 |  1273
          D:12 |       0 |    5827 |   0.0 |       0 |      18 |   0.0 |  2163
          D:13 |       0 |   12361 |   0.0 |       0 |      36 |   0.0 |  1646
          D:14 |       0 |    5949 |   0.0 |       0 |      11 |   0.0 |  1225
          D:15 |       0 |   17139 |   0.0 |       0 |      42 |   0.0 |  1100
        Lair:1 |       0 |    3818 |   0.0 |       0 |      31 |   0.0 |  1125
        Lair:2 |       0 |    3746 |   0.0 |       0 |      12 |   0.0 |  1460
        Lair:3 |       0 |    3885 |   0.0 |       0 |      25 |   0.0 |   554
        Lair:4 |       0 |    9108 |   0.0 |       0 |      38 |   0.0 |  1661
        Lair:5 |       0 |    3395 |   0.0 |       0 |      18 |   0.0 |   863
        Lair:6 |       0 |   17767 |   0.0 |       0 |      81 |   0.0 |  2163
       Swamp:1 |       0 |   12851 |   0.0 |       0 |      31 |   0.0 |  1410
       Swamp:2 |       0 |    7225 |   0.0 |       0 |      20 |   0.0 |  1142
       Swamp:3 |       0 |   11773 |   0.0 |       0 |      34 |   0.0 |  1171
       Snake:1 |       0 |   12503 |   0.0 |       0 |      23 |   0.0 |  2519
       Snake:2 |       0 |   18299 |   0.0 |       0 |      39 |   0.0 |  1391
       Snake:3 |       0 |   27941 |   0.0 |       0 |      54 |   0.0 |  3890
       Snake:4 |       0 |   40119 |   0.0 |       0 |      81 |   0.0 |  2629
       Ossuary |       0 |     155 |   0.0 |       0 |      16 |   0.0 |   316
               +---------+---------+-------+---------+---------+-------+---------
